 Dungeon Crawl Stone Soup version 0.31-a0-564-g3b7de120b3 (webtiles) character file.

Game seed: 17287230524042158898

1616 Zenkrye the Ruffian (level 8, -13/66 HPs)
             Began as a Demigod Shapeshifter on Aug 17, 2023.
             Killed from afar by a steam dragon (15 damage)
             ... with a ball of steam
             ... on level 6 of the Dungeon.
             The game lasted 00:14:13 (5012 turns).

Zenkrye the Ruffian (Demigod Shapeshifter)          Turns: 5012, Time: 00:14:13

Health: -13/66     AC: 12    Str: 24    XL:     8   Next: 37%
Magic:  19/19      EV:  7    Int: 10    God:
Gold:   290        SH:  0    Dex: 14    Spells: 17/17 levels left

rFire   . .          .
                       - Unarmed
rCold   . . .        (no shield)
rNeg    . . .        y - +0 plate armour
rPois   +            m - +0 helmet
rElec   .            l - +0 cloak
rCorr   .            (no gloves)
SInv    .            (no boots)
Will    +....        v - amulet of magic regeneration Stlth
                     r - ring of willpower
HPRegen 0.31/turn    o - ring of poison resistance
MPRegen 0.56/turn

%: no passive effects
@: no status effects
A: high MP 1, forlorn, divine attributes
a: no special abilities


You were on level 6 of the Dungeon.
You visited 1 branch of the dungeon, and saw 6 of its levels.

You collected 290 gold pieces.

Inventory:

Hand Weapons
 j - the +10 short sword "Faroy" {drain, Str-5 Int+6}
   (You found it on level 5 of the Dungeon)

   Str-5:     It affects your strength (-5).
   Int+6:     It affects your intelligence (+6).
Missiles
 e - 2 throwing nets {!f}
 z - 9 poisoned darts
 D - 5 boomerangs (quivered)
Armour
 l - a +0 cloak (worn)
 m - a +0 helmet (worn)
 y - a +0 plate armour (worn)
Magical Staves
 u - a staff of fire
Jewellery
 c - a ring of ice
 k - a ring of flight
 o - a ring of poison resistance (right hand)
 r - a ring of willpower (left hand)
 v - an amulet of magic regeneration (around neck)
Talismans
 d - a flux talisman
 s - a beast talisman
 w - a talisman of death
Wands
 a - a wand of flame (7)
 f - a wand of polymorph (12)
 t - a wand of iceblast (4) {@v4}
Scrolls
 g - a scroll of summoning {unknown}
 i - 4 scrolls of blinking {unknown}
 x - a scroll of poison {unknown}
Potions
 b - 5 potions of lignification
 h - 2 potions of brilliance
 n - 2 potions of heal wounds {@q2}
 p - a potion of ambrosia
 q - 4 potions of curing {unknown}
 B - a potion of magic {unknown}
 C - a potion of mutation {unknown}


   Skills:
 + Level 4.0 Fighting
 - Level 1.7 Dodging
 * Level 7.6 Unarmed Combat
 - Level 5.0 Spellcasting
 + Level 2.9 Shapeshifting


You had 17 spell levels left.
You didn't know any spells.
Your spell library contained the following spells:

 Spells                   Type           Power      Damage    Failure   Level
 Summon Forest            Summ/Tloc      1%         N/A       100%        5
 Eringya's Noxious Bog    Tmut/Pois      1%         4d6       100%        6
 Summon Hydra             Summ           1%         N/A       100%        7


Dungeon Overview and Level Annotations

Branches:
Dungeon (6/15)             Temple (0/1) D:6

Annotations:
D:4 5 runed translucent doors, SoEpicPie's ghost, weakling VSAE
D:5 1 runed translucent door, wormstring's ghost, novice MeHu


Innate Abilities, Weirdness & Mutations

You have an increased reservoir of magic. (+10% MP)
You shall have no god before yourself.
Your divine heritage dramatically boosts your attributes as you level up.


Message History

You punch the bullfrog!
You kill the bullfrog!
Your life force feels restored.
You hit the ogre.
The ogre is lightly wounded.
The ogre barely misses you.
You hit the ogre. You punch the ogre.
The ogre is heavily wounded.
The ogre closely misses you.
You completely miss the ogre. Your punch misses the ogre.
The ogre is heavily wounded.
You hit the ogre.
The ogre is heavily wounded.
The ogre hits you with a +0 giant club!
You completely miss the ogre.
The ogre is heavily wounded.
You barely miss the ogre.
The ogre is heavily wounded.
The ogre hits you with a +0 giant club!
You barely miss the ogre.
The ogre is heavily wounded.
A steam dragon comes into view.
The ogre hits you with a +0 giant club!
You are too injured to fight recklessly!
You are too injured to fight recklessly!
You are too injured to fight recklessly!
You are too injured to fight recklessly!
The steam dragon hisses angrily.
You hit the ogre.
The ogre is severely wounded.
You barely miss the ogre.
The ogre is severely wounded.
The ogre hits you with a +0 giant club!!
* * * LOW HITPOINT WARNING * * *
You punch the ogre!
You kill the ogre!
Your Fighting skill increases to level 4!
The steam dragon breathes steam at you. The ball of steam hits you!
You die...

### #..<.........
#..)......... .##
#....)....+# ...
#.#.#...#..# ....
###.#..#.#.... ?....
#.......>.....###.....
####.#....#.#............
.....#...#...#..##)......
...#...........#@ยงยง......
...#.#..#.##..#..###.D...
.#........#..#..## ...
.#.#.######....## . .#...#
####.#.# .##### ##....#.#
.....###.......#
####.##...#....#
..##...........#


There were no monsters in sight!

Vanquished Creatures
  Sigmund (D:3)
  3 ice beasts
  A black bear (D:6)
  3 ogres
  A bullfrog (D:6)
  4 wights
  2 hounds (D:5)
  A jelly (D:4)
  An orc priest (D:4)
  Jessica (D:2)
  Natasha (thrice) (D:2)
  2 orc wizards (D:5)
  A sleepcap (D:6)
  2 iguanas
  5 adders
  9 gnolls
  2 ufetubi
  2 dart slugs (D:1)
  19 orcs
  3 endoplasms
  3 giant cockroaches
  6 goblins
  8 hobgoblins
  9 jackals
  2 quokkas
  6 ball pythons
  5 bats
  3 frilled lizards
  3 kobolds
  2 rats
113 creatures vanquished.

Notes
Turn   | Place    | Note
-------+----------+-------------------------------------------
     0 | D:1      | Zenkrye the Demigod Shapeshifter began the quest for the
                  | Orb.
     0 | D:1      | Reached XP level 1. HP: 15/15 MP: 3/3
   113 | D:1      | Reached skill level 3 in Unarmed Combat
   228 | D:1      | Reached XP level 2. HP: 22/22 MP: 5/5
   290 | D:1      | Reached skill level 1 in Spellcasting
  1007 | D:2      | Noticed Jessica
  1014 | D:2      | Reached XP level 3. HP: 24/27 MP: 7/7
  1021 | D:2      | Killed Jessica
  1109 | D:2      | Noticed Natasha
  1114 | D:2      | Killed Natasha
  1115 | D:2      | Reached XP level 4. HP: 20/34 MP: 8/10
  1149 | D:2      | Noticed Natasha
  1164 | D:2      | Killed Natasha
  1165 | D:2      | Reached skill level 4 in Unarmed Combat
  1308 | D:2      | Noticed Natasha
  1321 | D:2      | Killed Natasha
  2019 | D:3      | Reached XP level 5. HP: 39/39 MP: 12/12
  2034 | D:3      | Noticed Sigmund
  2069 | D:3      | Killed Sigmund
  2070 | D:3      | Reached XP level 6. HP: 30/46 MP: 12/14
  2440 | D:2      | Reached skill level 1 in Fighting
  2444 | D:2      | Reached skill level 5 in Unarmed Combat
  3276 | D:4      | Found a large runed translucent door.
  3277 | D:4      | Found a large runed translucent door.
  3306 | D:4      | Noticed SoEpicPie's ghost (weakling VSAE)
  3307 | D:4      | Found a runed translucent gate.
  3313 | D:4      | Found a runed translucent gate.
  3324 | D:4      | Found a runed translucent gate.
  3629 | D:5      | Entered Level 5 of the Dungeon
  3722 | D:5      | Reached XP level 7. HP: 55/55 MP: 16/16
  3796 | D:5      | Identified the +10 short sword "Faroy" {drain, Str-5 Int+6}
  3808 | D:4      | Reached skill level 6 in Unarmed Combat
  3942 | D:5      | Found a runed translucent door.
  3943 | D:5      | Noticed wormstring's ghost (novice MeHu)
  4527 | D:6      | Found a staircase to the Ecumenical Temple.
  4691 | D:6      | Noticed a steam dragon
  4733 | D:5      | Reached XP level 8. HP: 43/58 MP: 18/18
  4738 | D:5      | Reached skill level 7 in Unarmed Combat
  4859 | D:6      | Reached skill level 5 in Spellcasting
  5010 | D:6      | HP: 1/66 [ogre/+0 giant club (24)]
  5012 | D:6      | Killed from afar by a steam dragon

Illustrated notes

Levels and vault maps discovered:
D:1:      kennysheep_arrival_forest, layout_loops_ring, minivault_25,
          minmay_misc_feat_columns, serial_bayou_pond_b
D:2:      layout_basic, minmay_misc_feat_encased, uniq_natasha, uniq_jessica
D:3:      layout_loops_ring, grunt_temple_overflow_gold_and_silver,
          uniq_crazy_yiuf_cottage, uniq_sigmund
D:4:      layout_loops_ring, amcnicky_altar_gilded, jmf_multi_god_temple2,
          ebering_ghost_rock_garden, grunt_decor_one_mirror,
          reono_crystal_passage, kennysheep_nondescript
D:5:      layout_cave_pools, gammafunk_ghost_grave
D:6:      layout_basic, minmay_temple_entry_crystal_x,
          ebering_ghost_disaster_area

Skill      XL: |  1  2  3  4  5  6  7  8 |
---------------+-------------------------+-----
Unarmed Combat | 3 4 5 6 7 |  7.6
Spellcasting   | 1 2 3 4 5 |  5.0
Fighting       | 2 3 4 |  4.0
Dodging        | |  1.7
Shapeshifting  | |  2.9

Action                     |  1- 3 |  4- 6 |  7- 9 || total
---------------------------+-------+-------+-------++-------
  Melee: Unarmed           |    83 |   165 |   129 ||   377
         Punch             |     4 |     6 |     6 ||    16
  Throw: Dart              |     8 |     8 |       ||    16
         Boomerang         |       |       |     2 ||     2
Ability: Begin Untransform |       |       |     1 ||     1
  Evoke: Wand              |       |     1 |       ||     1
    Use: Scroll            |     4 |     2 |     5 ||    11
         Potion            |       |     1 |     4 ||     5
   Stab: Confused          |       |     1 |       ||     1
 Armour: Animal skin       |    10 |       |       ||    10
         Ring mail         |     4 |     3 |       ||     7
         Plate armour      |       |    67 |    69 ||   136
  Dodge: Dodged            |    38 |    39 |    49 ||   126

Table legend: (Time is in decaauts)
 A = Elapsed time spent in this place.
 B = Non-inter-level travel time spent in this place.
 C = Inter-level travel time spent in this place.
 D = Time resting spent in this place.
 E = Time spent auto-exploring this place.
 F = Levels seen in this place.
 G = Mean time per level.
                   A        B        C        D        E       F      G
               +--------+--------+--------+--------+--------+-----+--------+
         Total |   4953 |   4809 |    144 |    468 |   3462 |   6 |  825.5 |
       Dungeon |   4953 |   4809 |    144 |    468 |   3462 |   6 |  825.5 |
               +--------+--------+--------+--------+--------+-----+--------+

Top non-repeatable levels by time:
     D:4: 1119 daAuts
     D:1: 928 daAuts
     D:2: 899 daAuts
     D:5: 836 daAuts
     D:3: 783 daAuts
     D:6: 385 daAuts
